 Dungeon Crawl Stone Soup version 0.25-a0-1133-g93ebf739aa (webtiles) character file.

Game seed: 14058589214952454528, levelgen mode: deterministic

7 Maedhros the Charlatan (level 2, -1/18 HPs)
             Began as an Octopode Artificer on May 22, 2020.
             Slain by an ooze (2 damage)
             ... on level 3 of the Dungeon.
             The game lasted 00:01:02 (220 turns).

Maedhros the Charlatan (Octopode Artificer)          Turns: 220, Time: 00:01:02

Health: -1/18      AC:  1    Str: 11    XL:     2   Next: 4%
Magic:  4/4        EV: 13    Int: 13    God:
Gold:   0          SH:  0    Dex: 12    Spells: 1/1 levels left

rFire    . . .     SeeInvis .   a - +0 short sword
rCold    . . .     Gourm    .   (no shield)
rNeg     . . .     Faith    .   (helmet restricted)
rPois    .         Spirit   .   (no amulet)
rElec    .         Reflect  .   (no ring)
rCorr    .         Harm     .   (no ring)
MR       .....                  (no ring)
Stlth    +++.......             (no ring)
HPRegen  0.06/turn              (no ring)
MPRegen  0.09/turn              (no ring)
                                (no ring)
                                (no ring)

@: no status effects
A: almost no armour, stealthy swim, amphibious, 8 rings, constrict 8, camouflage
1, gelatinous body 1
a: no special abilities


You were on level 3 of the Dungeon.
You were not hungry.

You visited 1 branch of the dungeon, and saw 3 of its levels.

Inventory:

Hand Weapons
 a - a +0 short sword (weapon)
Wands
 b - a wand of flame (15)
 c - a wand of enslavement (15)
 d - a wand of random effects (15)
Comestibles
 f - a ration


   Skills:
 - Level 1.0 Fighting
 - Level 1.0 Short Blades
 - Level 2.0 Dodging
 + Level 3.0 Stealth
 - Level 3.2 Evocations


You had one spell level left.
You didn't know any spells.
Your spell library was empty.

Dungeon Overview and Level Annotations

Branches:
Dungeon (3/15)

Altars:
Sif Muna


Innate Abilities, Weirdness & Mutations

You cannot wear most types of armour.
You are very stealthy in the water. (Stealth+)
You are amphibious.
You can wear up to eight rings at the same time.
You can use your tentacles to constrict eight enemies at once.
Your skin changes colour to match your surroundings (Stealth+).
Your rubbery body absorbs attacks. (AC +1, EV +1)


Message History

Found 10 gold pieces.
Found a ruby potion.
You hit the ooze.
The ooze is moderately wounded.
The ooze barely misses you.
You hit the ooze.
The ooze is heavily wounded.
The ooze hits you.
* * * LOW HITPOINT WARNING * * *
You barely miss the ooze.
The ooze is heavily wounded.
The ooze hits you but does no damage.
You hit the ooze.
The ooze is almost dead.
The ooze hits you.
* * * LOW HITPOINT WARNING * * *
You barely miss the ooze.
The ooze is almost dead.
The ooze hits you.
You die...

#########.###.#
#.......#...).#
#.#####.#.###.#
#.............##
#######.#.#....# #..
.##.#.#.##.#
#######.##.##.#.#.# .#
.!$...J....##.#.#.# .#
######@#..##.#.#.##.##
#.#..##.#..<....#
#.#..##.#########
#.#..##........#
#.#..#########.#
#.#..# #.# #.#..###
#.# ..#...(# #.#
#.##.#######.##


You could see an ooze.

Vanquished Creatures
  2 hobgoblins
  2 kobolds
  A quokka (D:2)
  A frilled lizard (D:3)
  A rat (D:2)
7 creatures vanquished.

Notes
Turn   | Place    | Note
-------+----------+-------------------------------------------
     0 | D:1      | Maedhros the Octopode Artificer began the quest for the
                  | Orb.
     0 | D:1      | Reached XP level 1. HP: 13/13 MP: 3/3
    55 | D:2      | Found a shimmering blue altar of Sif Muna.
   162 | D:3      | Reached XP level 2. HP: 4/18 MP: 4/4
   220 | D:3      | Slain by an ooze

Illustrated notes

Levels and vault maps discovered:
D:1:      minmay_arrival_five_plusses, layout_basic
D:2:      layout_basic, kennysheep_nondescript, lemuel_blue_sif_altar,
          uniq_robin, uniq_crazy_yiuf_cottage, uniq_terence
D:3:      layout_basic

Skill      XL: |  1  2 |
---------------+-------+-----
Stealth        | 2 3 |  3.0
Fighting       | |  1.0
Short Blades   | |  1.0
Dodging        | |  2.0
Evocations     | |  3.2

Action                   || total
-------------------------++-------
Melee: Short sword       ||    17
       Tentacles         ||     5
       Constrict         ||     4
 Stab: Sleeping          ||     2
Armor: Skin              ||     1
Dodge: Dodged            ||     4

Table legend:
 A = Non-vault XP
 B = Vault XP
 C = Vault XP percentage of total XP
 D = Non-vault monster count
 E = Vault monster count
 F = Vault count percentage of total count
                 A         B        C        D         E       F
            +---------+---------+-------+---------+---------+-------
      Total |      11 |       0 |   0.0 |       7 |       0 |   0.0
            +---------+---------+-------+---------+---------+-------
        D:2 |       7 |       0 |   0.0 |       4 |       0 |   0.0
        D:3 |       4 |       0 |   0.0 |       3 |       0 |   0.0
            +---------+---------+-------+---------+---------+-------
